 Dungeon Crawl Stone Soup version 0.27-a0-1105-g946c659c87 (webtiles) character file.

Game seed: 6673816665414339051

12854 Feb132020 the Zephyrmancer (level 11, -2/54 HPs)
             Began as a Tengu Air Elementalist on Apr 29, 2021.
             Was an Elder of Kikubaaqudgha.
             Slain by a wolf (9 damage)
             ... on level 1 of the Lair of Beasts on Apr 30, 2021.
             The game lasted 01:27:14 (17693 turns).

Feb132020 the Zephyrmancer (TeAE)                  Turns: 17693, Time: 01:27:14

Health: -2/54      AC:  8    Str:  9    XL:     11   Next: 99%
Magic:  22/25      EV: 16    Int: 20    God:    Kikubaaqudgha [****..]
Gold:   1177       SH:  0    Dex: 21    Spells: 5/28 levels left

rFire    . . .     SeeInvis .   x - +9 falchion "Miackoux" {pain, Int+2}
rCold    . . .     Faith    .   (no shield)
rNeg     . . .     Spirit   .   s - +1 leather armour of Limited Liability {rPois}
rPois    +         Reflect  .   (helmet restricted)
rElec    .         Harm     .   v - +1 cloak {Stlth+}
rCorr    +         Rampage  .   f - +1 pair of gloves
Will     +....                  (boots unavailable)
Stlth    ++++......             (no amulet)
HPRegen  0.18/turn              l - ring of resist corrosion
MPRegen  0.19/turn              u - +6 ring of dexterity

@: flying quickly and evasively, quick
A: beak, talons 3, nimble flight, frail 1, strong-willed 1
a: Renounce Religion, Receive Corpses


You were on level 1 of the Lair of Beasts.
You worshipped Kikubaaqudgha.
Kikubaaqudgha was greatly pleased with you.
You visited 4 branches of the dungeon, and saw 14 of its levels.
You also visited: Sewer.

You collected 1177 gold pieces.

Inventory:

Hand Weapons
 e - a +7 vorpal hand axe
 x - the +9 falchion "Miackoux" (weapon) {pain, Int+2}
   (You found it on level 5 of the Dungeon)

   In the hands of one skilled in necromantic magic, it inflicts extra damage on
   living creatures.
   It affects your intelligence (+2).
Missiles
 F - 2 curare-tipped darts
Armour
 a - a +0 robe
 d - a +1 hat of see invisible
 f - a +1 pair of gloves (worn)
 s - the +1 leather armour of Limited Liability (worn) {rPois}
   (You found it on level 4 of the Dungeon)

   It protects you from poison.
 t - a +0 cloak
 v - a +1 cloak of stealth (worn)
 D - a +0 kite shield
 K - a +1 robe of resistance
Magical Staves
 E - a staff of air
Jewellery
 l - a ring of resist corrosion (left hand)
 u - a +6 ring of dexterity (right hand)
Wands
 B - a wand of polymorph (11)
 I - a wand of flame (24)
Scrolls
 h - 3 scrolls of enchant weapon
 q - a scroll of fear
 y - 2 scrolls of immolation
 G - a scroll of fog
Potions
 b - a potion of cancellation {unknown}
 c - a potion of attraction {unknown}
 g - a potion of mutation
 j - 3 potions of magic
 k - 3 potions of brilliance
 m - 6 potions of curing
 n - 2 potions of might
 o - 3 potions of lignification
 r - 2 potions of degeneration {unknown}
 A - a potion of berserk rage {unknown}
 H - a potion of haste {unknown}
 J - 3 potions of resistance


   Skills:
 + Level 3.2 Fighting
 + Level 5.4 Long Blades
 + Level 2.9 Axes
 + Level 3.9 Armour
 + Level 4.2 Dodging
 + Level 4.3 Stealth
 + Level 0.9 Unarmed Combat
 + Level 9.2 Spellcasting
 + Level 7.5 Conjurations
 * Level 7.0 Summonings
 * Level 5.7 Necromancy
 + Level 12.1 Air Magic


You had 5 spell levels left.
You knew the following spells:

 Your Spells              Type           Power      Damage    Failure   Level
a - Shock                 Conj/Air       100%       1d9       1%          1
b - Static Discharge      Conj/Air       48%        N/A       1%          2
c - Summon Lightning Spi  Summ/Air       47%        N/A       1%          4
d - Airstrike             Air            27%        N/A       1%          4
e - Pain                  Necr           100%       1d9       1%          1
s - Swiftness             Air            55%        N/A       1%          3
v - Vampiric Draining     Necr           16%        2d8       3%          3
D - Animate Dead          Necr           16%        N/A       10%         4
S - Animate Skeleton      Necr           64%        N/A       1%          1

Your spell library contained the following spells:

 Spells                   Type           Power      Damage    Failure   Level
 Summon Small Mammal      Summ           100%       N/A       1%          1
 Corpse Rot               Necr/Air       N/A        N/A       1%          2
 Poisonous Vapours        Pois/Air       66%        N/A       1%          2
 Sublimation of Blood     Necr           16%        N/A       1%          2
 Mephitic Cloud           Conj/Pois/Air  35%        N/A       1%          3
 Lightning Bolt           Conj/Air       24%        1d39      4%          5
 Stone Arrow              Conj/Erth      48%        3d10      7%          3
 Dispel Undead            Necr           32%        3d14      10%         4
 Apportation              Tloc           18%        N/A       11%         1
 Beastly Appendage        Tmut           18%        N/A       11%         1
 Corona                   Hex            10%        N/A       11%         1
 Silence                  Hex/Air        16%        N/A       24%         5
 Agony                    Necr           32%        N/A       26%         5
 Excruciating Wounds      Necr           16%        N/A       26%         5
 Confusing Touch          Hex            9%         N/A       30%         3
 Gell's Gravitas          Tloc           4%         N/A       30%         3
 Ignite Poison            Fire/Tmut/Pois 9%         N/A       30%         3
 Summon Forest            Summ/Tloc      11%        N/A       56%         5
 Petrify                  Tmut/Erth      9%         N/A       71%         4
 Hydra Form               Tmut           4%         N/A       96%         5
 Metabolic Englaciation   Hex/Ice        4%         N/A       96%         5
 Yara's Violent Unravell  Hex/Tmut       4%         3d4       96%         5
 Death Channel            Necr           16%        N/A       83%         6
 Summon Hydra             Summ           18%        N/A       99%         7
 Eringya's Noxious Bog    Tmut/Pois      4%         N/A       100%        6


Dungeon Overview and Level Annotations

Branches:
Dungeon (10/15)            Temple (1/1) D:6            Lair (1/6) D:9
    Orc (2/2) D:10            Elf (0/3) Orc:2         Sewer (visited)

Altars:
Cheibriados
Dithmenos
Fedhas
Gozag
Hepliaklqana
Kikubaaqudgha
Makhleb
Okawaru
Qazlal
Ru
Sif Muna
Trog
Uskayaw
Vehumet
Wu Jian
Yredelemnul
Zin
The Shining One

Annotations:
D:6 Pikel
Lair:1 exclusion: oklob plant


Innate Abilities, Weirdness & Mutations

You have a beak for a mouth.
You have claws for feet.
Your magical nature lets you fly swiftly and evasively.
You are frail. (-10% HP)
You are strong-willed. (Will+)


Message History

The wolf bites you but does no damage. The wolf bites you.
Unknown command.
Your wolf zombie closely misses the wolf.
Your wolf zombie bites the wolf.
The wolf completely misses your wolf zombie.
Your wolf zombie misses the wolf.
Your wolf zombie closely misses the wolf.
The wolf misses you.
You completely miss the wolf. Your kick misses the wolf.
You peck the wolf, but do no damage.
The wolf bites your wolf zombie but does no damage.
Your wolf zombie barely misses the wolf.
The wolf bites you but does no damage. The wolf misses your wolf zombie.
Your wolf zombie barely misses the wolf.
You barely miss the wolf. The wolf bites you. The wolf bites your wolf zombie.
Your wolf zombie closely misses the wolf.
Your wolf zombie misses the wolf.
The wolf closely misses you.
You riposte.
You closely miss the wolf. Your kick misses the wolf.
The wolf bites your wolf zombie!
Your wolf zombie barely misses the wolf.
Your wolf zombie misses the wolf.
You slash the wolf!
The wolf writhes in agony.
Your kick misses the wolf.
The wolf is heavily wounded.
Your wolf zombie crumbles into dust!
The wolf misses you.
Your wolf zombie bites the wolf.
The wolf bites you!
* * * LOW HITPOINT WARNING * * *
The wolf barely misses you.
Casting: Shock (safe; 1% risk of failure)
Confirm with . or Enter, or press ? or * to list all spells.
Aiming: Vampiric Draining (dangerous; 3% risk of failure)
Press: ? - help, Shift-Dir - straight line, f/p - wolf
Aim: a wolf (almost dead, ally target)
You draw life force from the wolf!
You kill the wolf!
Kikubaaqudgha accepts your kill.
You feel life coursing into your body.
Your wolf zombie barely misses the wolf.
The wolf bites you!
You die...
Kikubaaqudgha rasps: "You have failed me!
Welcome... death!"

......#######.#
.................
.................
........................
....)...................
...(..................
.....................
#..h...........##
#######Z.@...........##≈
........................
.........[.)............
.......##.#.#.##..###.≈≈
.#.#... ########.)# ≈ # #..#
#####Z.# ≈≈≈
#..######.##...###≈≈≈≈≈
######.................≈≈≈≈≈
........................≈≈≈≈


You could see a wolf (ally target) and a friendly wolf zombie.

Vanquished Creatures
  2 two-headed ogres
  2 orc knights (Orc:2)
  An orc sorcerer (Orc:1)
  Maurice (D:8)
  A kobold demonologist (D:10)
  2 komodo dragons (Lair:1)
  A hornet (D:7)
  2 trolls
  A slime creature (D:10)
  A wyvern (D:8)
  5 yaks
  An acid dragon (D:10)
  3 wargs
  3 water moccasins
  A hornet zombie (D:7)
  3 orc warriors
  2 sky beasts
  An ice beast (D:4)
  2 necrophages
  4 wolves (Lair:1)
  8 ogres
  7 centaurs
  4 kobold brigands
  3 bullfrogs
  2 scorpions
  A gnoll sergeant (D:7)
  A water moccasin skeleton (D:5)
  6 killer bees
  5 wights (D:8)
  3 howler monkeys (D:10)
  A crimson imp (D:5)
  A bullfrog zombie (D:7)
  4 centaur zombies
  2 gnoll shamans
  A centaur skeleton (D:4)
  11 orc priests
  4 jellies
  5 orc wizards
  A howler monkey zombie (D:8)
  9 gnolls
  A howler monkey skeleton (D:7)
  11 adders
  4 river rats
  2 shadow imps
  5 white imps
  An adder skeleton (D:4)
  2 worms
  3 dart slugs
  25 orcs
  11 ball pythons
  6 endoplasms
  6 giant cockroaches
  3 goblins
  7 hobgoblins
  9 jackals
  21 kobolds
  7 quokkas
  4 bats
  11 frilled lizards
  A hobgoblin zombie (D:5)
  A kobold skeleton (D:5)
  3 orc skeletons (D:5)
  An orc zombie (D:5)
  17 rats
280 creatures vanquished.

Vanquished Creatures (collateral kills)
  A cyclops (D:10)
  Joseph (D:9)
  2 trolls
  A vampire (D:10)
  3 yaks (D:10)
  7 orc warriors
  An ogre (Orc:2)
  A centaur (D:9)
  3 wolves (Lair:1)
  2 kobold brigands (D:10)
  A gnoll sergeant (D:10)
  A howler monkey (D:10)
  2 centaur zombies (D:10)
  7 orc priests
  4 orc wizards
  20 orcs
57 creatures vanquished.

Vanquished Creatures (others)
  An orc (Orc:2)
  A fungus (Lair:1)
  A plant (Lair:1)
3 creatures vanquished.

Grand Total: 340 creatures vanquished

Notes
Turn   | Place    | Note
-------+----------+-------------------------------------------
     0 | D:1      | Feb132020 the Tengu Air Elementalist began the quest for
                  | the Orb.
     0 | D:1      | Reached XP level 1. HP: 10/10 MP: 4/4
   298 | D:1      | Reached XP level 2. HP: 15/15 MP: 3/6
   339 | D:1      | Learned a level 2 spell: Static Discharge
  1401 | D:2      | Reached XP level 3. HP: 19/19 MP: 3/7
  1455 | D:2      | Reached skill level 5 in Air Magic
  1819 | D:2      | Reached XP level 4. HP: 20/24 MP: 9/9
  1823 | D:2      | Learned a level 3 spell: Swiftness
  2237 | D:2      | Found a faded altar of an unknown god.
  2739 | D:3      | Gained mutation: Your magical nature lets you fly swiftly
                  | and evasively. [Tengu growth]
  2739 | D:3      | Reached XP level 5. HP: 28/28 MP: 4/11
  2767 | D:3      | Found a glowing drain.
  2771 | Sewer    | Entered a sewer
  3094 | Sewer    | Reached skill level 1 in Axes
  3666 | D:3      | Reached XP level 6. HP: 33/33 MP: 3/12
  4357 | D:4      | Identified the +1 leather armour of Limited Liability
                  | {rPois}
  4573 | D:4      | Noticed a necrophage
  4581 | D:4      | Killed a necrophage
  4582 | D:4      | Reached skill level 6 in Air Magic
  4654 | D:4      | Learned a level 2 spell: Corpse Rot
  4720 | D:4      | Noticed an ice beast
  4772 | D:4      | Killed an ice beast
  4773 | D:4      | Reached skill level 1 in Fighting
  4773 | D:4      | Reached XP level 7. HP: 35/38 MP: 3/14
  5090 | D:4      | Reached skill level 1 in Necromancy
  5453 | D:5      | Entered Level 5 of the Dungeon
  5520 | D:5      | Reached skill level 1 in Armour
  5783 | D:5      | Found a glowing golden altar of the Shining One.
  5969 | D:5      | Found a stormy altar of Qazlal.
  6407 | D:5      | Identified the +9 falchion "Miackoux" {pain, Int+2}
  6608 | D:5      | Reached XP level 8. HP: 43/43 MP: 9/15
  7081 | D:6      | Found a staircase to the Ecumenical Temple.
  7090 | Temple   | Entered the Ecumenical Temple
  7189 | Temple   | Became a worshipper of Kikubaaqudgha
  7383 | D:6      | Reached skill level 7 in Air Magic
  7720 | D:6      | Reached skill level 1 in Long Blades
  7835 | D:6      | Noticed Pikel
  8270 | D:7      | Reached skill level 5 in Conjurations
  8318 | D:7      | Learned a level 1 spell: Animate Skeleton
  8338 | D:7      | You are sucked into a shaft and drop 1 floor!
  8433 | D:8      | Reached skill level 5 in Spellcasting
  8740 | D:7      | Reached XP level 9. HP: 45/48 MP: 13/17
  8806 | D:7      | Reached * piety under Kikubaaqudgha
  8806 | D:7      | Identified Kikubaaqudgha's Guide on Evil (Kikubaaqudgha
                  | gifted it to you on level 7 of the Dungeon)
  8806 | D:7      | Received a gift from Kikubaaqudgha
  8846 | D:7      | Learned a level 3 spell: Vampiric Draining
  9018 | D:7      | Reached skill level 8 in Air Magic
  9079 | D:7      | Found a radiant altar of Vehumet.
  9439 | D:7      | Noticed a hornet
  9461 | D:6      | Learned a level 4 spell: Airstrike
  9509 | D:7      | Killed a hornet
 10259 | D:7      | Learned a level 1 spell: Pain
 10322 | D:7      | Identified a scroll of acquirement
 10322 | D:7      | Acquired Feb132020's Guide on Transmutation and Air
 10331 | D:7      | Learned a level 4 spell: Summon Lightning Spire
 10472 | D:8      | Reached skill level 5 in Necromancy
 10587 | D:8      | Reached skill level 1 in Summonings
 11137 | D:8      | Reached XP level 10. HP: 55/55 MP: 16/20
 11146 | D:8      | Reached skill level 9 in Air Magic
 11199 | D:8      | Reached ** piety under Kikubaaqudgha
 11697 | D:8      | Noticed Maurice
 12223 | D:8      | Killed Maurice
 12722 | D:9      | Noticed a two-headed ogre
 12732 | D:9      | Killed a two-headed ogre
 12733 | D:9      | Noticed Joseph
 12736 | D:9      | Killed Joseph
 12737 | D:9      | Reached skill level 10 in Air Magic
 12763 | D:9      | Found a staircase to the Lair.
 13102 | D:9      | Found a bloodstained altar of Trog.
 13160 | D:10     | Entered Level 10 of the Dungeon
 13236 | D:10     | Gained mutation: You are frail. (-10% HP) [potion of
                  | mutation]
 13236 | D:10     | Gained mutation: You are strong-willed. (Will+) [potion of
                  | mutation]
 13238 | D:10     | Found a staircase to the Orcish Mines.
 13295 | D:10     | Noticed a kobold demonologist
 13305 | D:10     | Noticed a rust devil
 13305 | D:10     | Killed a kobold demonologist
 13305 | D:10     | Noticed a cyclops
 13311 | D:10     | Reached skill level 5 in Summonings
 13311 | D:10     | Reached XP level 11. HP: 50/54 MP: 4/23
 13326 | D:10     | Killed a cyclops
 13548 | D:10     | Found an iron altar of Okawaru.
 13576 | D:10     | Noticed a two-headed ogre
 13584 | D:10     | Killed a two-headed ogre
 13585 | D:10     | Reached skill level 11 in Air Magic
 14357 | Orc:1    | Entered Level 1 of the Orcish Mines
 14386 | Orc:1    | Reached skill level 5 in Long Blades
 14856 | Orc:2    | Entered Level 2 of the Orcish Mines
 14867 | Orc:2    | Noticed an orc warlord
 14880 | Orc:2    | HP: 1/54 [orc priest/divine providence (14)]
 14883 | Orc:2    | Noticed an orc knight
 14927 | Orc:2    | Reached *** piety under Kikubaaqudgha
 14927 | Orc:2    | Identified Kikubaaqudgha's Tome of Dark Rites
                  | (Kikubaaqudgha gifted it to you on level 2 of the Orcish
                  | Mines)
 14927 | Orc:2    | Received a gift from Kikubaaqudgha
 14934 | Orc:2    | Learned a level 4 spell: Animate Dead
 15217 | Orc:2    | Noticed an orc knight
 15221 | Orc:2    | Noticed an orc knight
 16059 | Orc:1    | Noticed an orc sorcerer
 16062 | Orc:1    | Killed an orc sorcerer
 16367 | Orc:2    | Found a staircase to the Elven Halls.
 16394 | Orc:2    | Killed an orc knight
 16674 | Orc:2    | Killed an orc knight
 16792 | Orc:2    | Reached **** piety under Kikubaaqudgha
 16940 | Orc:2    | Reached skill level 12 in Air Magic
 17006 | Lair:1   | Entered Level 1 of the Lair of Beasts
 17199 | Lair:1   | Acquired a +0 hat of see invisible
 17362 | Lair:1   | Noticed an oklob plant
 17693 | Lair:1   | Slain by a wolf

Illustrated notes

Levels and vault maps discovered:
D:1:      evilmike_arrival_crescent, layout_rooms, hex_intersection
D:2:      layout_loops_ring, hellmonk_ecumenical_altar_pennies_from_heaven
D:3:      layout_basic, gup_sewer_entry_spiral, hangedman_decor_riveting,
          kennysheep_potato
D:4:      layout_basic
D:5:      layout_basic, nicolae_tso_besieged_by_evil, grunt_qazlal_clouds
D:6:      layout_cave_pods, temple_pool_b, uniq_pikel
D:7:      minmay_spotlight, layout_basic, vehumet_altar_wand_db,
          minmay_hedge_maze
D:8:      layout_basic, centaur_isle, uniq_maurice
D:9:      layout_big_octagon, bloody_trog, lair_entry_dummy,
          hangedman_abyss_or_decor_stabs, uniq_joseph
D:10:     layout_gridville, orc_0_dummy, corexii_checkpoint_a,
          minmay_ruined_shrine
Temple:   regret_index_temple_mists
Lair:1:   layout_long_grid, lemuel_fruit_tree, serial_bayou_shore_b,
          minmay_lair_oklob_chamber, infiniplex_staircase_pool_2
Orc:1:    layout_caves
Orc:2:    st_orc_pillars, layout_diamond_mine

Skill      XL: |  1  2  3  4  5  6  7  8  9 10 11 |
---------------+----------------------------------+-----
Air Magic      | 5 6 7 8 10 12 | 12.1
Spellcasting   | 3 4 5 6 7 9 |  9.2
Conjurations   | 2 3 4 5 6 7 |  7.5
Axes           | 1 2 |  2.9
Fighting       | 1 2 3 |  3.2
Necromancy     | 2 3 5 |  5.7
Armour         | 1 3 |  3.9
Stealth        | 3 4 |  4.3
Long Blades    | 1 3 4 5 |  5.4
Dodging        | 3 4 |  4.2
Summonings     | 2 5 7 |  7.0
Unarmed Combat | |  0.9

Action                   |  1- 3 |  4- 6 |  7- 9 | 10-12 || total
-------------------------+-------+-------+-------+-------++-------
Melee: Unarmed           |     8 |       |       |       ||     8
       Kick              |     7 |     7 |    44 |    63 ||   121
       Hand axe          |    24 |    58 |    45 |       ||   127
       Peck              |     3 |     2 |    26 |    38 ||    69
       Falchion          |       |       |    88 |   144 ||   232
       Punch             |       |       |     1 |       ||     1
 Cast: Shock             |    64 |   132 |   162 |   135 ||   493
       Static Discharge  |       |     3 |    12 |     1 ||    16
       Animate Skeleton  |       |       |     9 |       ||     9
       Airstrike         |       |       |    10 |    46 ||    56
       Pain              |       |       |     2 |       ||     2
       Summon Lightning  |       |       |       |    43 ||    43
       Animate Dead      |       |       |       |    11 ||    11
       Vampiric Draining |       |       |       |     1 ||     1
Evoke: Wand              |       |       |       |     6 ||     6
  Use: Scroll            |     1 |     5 |    14 |    12 ||    32
       Potion            |       |       |     1 |     8 ||     9
 Stab: Sleeping          |     1 |     8 |     2 |     5 ||    16
       Distracted        |       |       |       |     1 ||     1
       Invisible         |       |       |       |     1 ||     1
Armor: Robe              |     9 |     8 |       |       ||    17
       Leather armour    |       |     9 |    31 |    43 ||    83
Dodge: Dodged            |    17 |    53 |   124 |   166 ||   360
       Rpst.: Falchion   |       |       |    21 |    38 ||    59

Table legend: (Time is in decaauts)
 A = Elapsed time spent in this place.
 B = Non-inter-level travel time spent in this place.
 C = Inter-level travel time spent in this place.
 D = Time resting spent in this place.
 E = Time spent auto-exploring this place.
 F = Levels seen in this place.
 G = Mean time per level.
                   A        B        C        D        E       F      G
               +--------+--------+--------+--------+--------+-----+--------+
         Total |  17186 |  16771 |    415 |    817 |  13567 |  15 | 1145.7 |
       Dungeon |  13202 |  12850 |    352 |    428 |  10743 |  10 | 1320.2 |
        Temple |     98 |     90 |      8 |      0 |     74 |   1 |   98.0 |
          Lair |    681 |    681 |      0 |      0 |    575 |   1 |  681.0 |
  Orcish Mines |   2613 |   2561 |     52 |    389 |   1712 |   2 | 1306.5 |
         Sewer |    590 |    590 |      0 |      0 |    461 |   1 |  590.0 |
               +--------+--------+--------+--------+--------+-----+--------+

Top non-repeatable levels by time:
     D:8: 2421 daAuts
     D:7: 1883 daAuts
   Orc:1: 1592 daAuts
     D:5: 1389 daAuts
     D:1: 1365 daAuts
     D:2: 1245 daAuts
     D:3: 1150 daAuts
    D:10: 1146 daAuts
     D:6: 1086 daAuts
     D:4: 1033 daAuts
   Orc:2: 1020 daAuts
  Lair:1: 681 daAuts
   Sewer: 590 daAuts
     D:9: 480 daAuts
  Temple: 98 daAuts
